AA NE
NEW HAMPSHIRE FISHER CATS @ PORTLAND SEA DOGS
08/15/2041
 
TOP OF THE 1ST
New Hampshire Fisher Cats batting - Pitching for Portland Sea Dogs : RHP Freddy Rivera
Pitching: RHP Freddy Rivera
Batting: RHB Raúl Ramírez 0-0: Called Strike
0-1: Ball
1-1: Ball
2-1: Foul Ball, location: 2F
2-2: SINGLE (Flyball, 3D, EV 88.1 MPH)
Batting: LHB Jerry Brewer 0-0: Called Strike
0-1: Called Strike
Raúl Ramírez is caught stealing 2nd base 2-6
0-2: Ball
1-2: Foul Ball, location: 2F
1-2: Ball
2-2: Ball
3-2: Base on Balls
Batting: SHB Dan Tutt 0-0: Called Strike
0-1: Ball
1-1: Called Strike
1-2: Ball
2-2: SINGLE (Groundball, 6MD, EV 100.6 MPH)
Jerry Brewer to second
Batting: LHB Don Harper 0-0: Called Strike
0-1: Ball
1-1: Grounds into double play, 6-4-3 (Groundball, 6, EV 85.0 MPH)
Top of the 1st over - 0 runs, 2 hits, 0 errors, 1 left on base; New Hampshire 0 - Portland 0
BOTTOM OF THE 1ST
Portland Sea Dogs batting - Pitching for New Hampshire Fisher Cats : RHP Apomurti Sudhanshu
Pitching: RHP Apomurti Sudhanshu
Batting: LHB Doug Rush 0-0: Ball
1-0: Called Strike
1-1: Swinging Strike
1-2: Strikes out swinging
Batting: LHB Steve Maddox 0-0: Swinging Strike
0-1: Foul Ball, location: 7LMF
0-2: Ball
1-2: Strikes out looking
Batting: LHB Pete Holmes 0-0: Ball
1-0: Fly out, F1 (Popup, P, EV 80.6 MPH)
Bottom of the 1st over - 0 runs, 0 hits, 0 errors, 0 left on base; New Hampshire 0 - Portland 0
TOP OF THE 2ND
New Hampshire Fisher Cats batting - Pitching for Portland Sea Dogs : RHP Freddy Rivera
Batting: RHB Darryl Cook 0-0: Ball
1-0: Called Strike
1-1: Ground out 6-3 (Groundball, 6, EV 98.1 MPH)
Batting: RHB Rusty Vogelsang 0-0: Called Strike
0-1: Ball
1-1: Swinging Strike
1-2: Foul Ball, location: 2F
1-2: Ball
2-2: Ball
3-2: Foul Ball, location: 3SF
3-2: Base on Balls
Batting: SHB José De La Cruz 0-0: Called Strike
0-1: Foul Ball, location: 7LDF
0-2: Foul Ball, location: 3FF
0-2: Ball
1-2: Strikes out looking
Batting: RHB Juan Flores 0-0: Ball
1-0: Foul Ball, location: 5DF
1-1: Ball
2-1: Called Strike
2-2: Strikes out swinging
Top of the 2nd over - 0 runs, 0 hits, 0 errors, 1 left on base; New Hampshire 0 - Portland 0
BOTTOM OF THE 2ND
Portland Sea Dogs batting - Pitching for New Hampshire Fisher Cats : RHP Apomurti Sudhanshu
Batting: LHB Ron Palma 0-0: Ball
1-0: Called Strike
1-1: Ball
2-1: Ground out 4-3 (Groundball, 4, EV 80.0 MPH)
Batting: LHB Quincy Daniel 0-0: Ball
1-0: Foul Ball, location: 2F
1-1: Ball
2-1: Ball
3-1: Swinging Strike
3-2: Base on Balls
Batting: RHB Ánibal Rentería 0-0: Ball
1-0: SINGLE (Groundball, 4MD, EV 97.5 MPH)
Quincy Daniel to second
Runner from 2nd tries for 3rd, OUT! 8-5
Batting: LHB Jesús Escobedo 0-0: Called Strike
0-1: Ground out U3 (Groundball, 3, EV 85.0 MPH)
Bottom of the 2nd over - 0 runs, 1 hit, 0 errors, 1 left on base; New Hampshire 0 - Portland 0
TOP OF THE 3RD
New Hampshire Fisher Cats batting - Pitching for Portland Sea Dogs : RHP Freddy Rivera
Batting: RHB Ed Smith 0-0: Ball
1-0: Ball
2-0: Called Strike
2-1: Swinging Strike
2-2: Strikes out looking
Batting: RHB Raúl Ramírez 0-0: Ball
1-0: Ball
2-0: Ball
3-0: Called Strike
3-1: Base on Balls
Batting: LHB Jerry Brewer 0-0: Ball
Raúl Ramírez steals 2nd base
1-0: Called Strike
1-1: Called Strike
1-2: Foul Ball, location: 3F
1-2: Foul Ball, location: 2F
1-2: Ball
2-2: Foul Ball, location: 2F
2-2: Foul Ball, location: 7LSF
2-2: Strikes out swinging
Batting: SHB Dan Tutt 0-0: Ball
1-0: Called Strike
1-1: Foul Ball, location: 3DF
1-2: Strikes out looking
Top of the 3rd over - 0 runs, 0 hits, 0 errors, 1 left on base; New Hampshire 0 - Portland 0
BOTTOM OF THE 3RD
Portland Sea Dogs batting - Pitching for New Hampshire Fisher Cats : RHP Apomurti Sudhanshu
Batting: RHB Jorge Francots 0-0: Called Strike
0-1: Swinging Strike
0-2: Strikes out looking
Batting: SHB Tony Robles 0-0: Swinging Strike
0-1: Foul Ball, location: 7LMF
0-2: Ground out 4-3 (Groundball, 4, EV 88.8 MPH)
Batting: LHB Doug Rush 0-0: Foul Ball, location: 2F
0-1: Foul Ball, location: 23F
0-2: Ball
1-2: Ground out 5-3 (Groundball, 5S, EV 88.1 MPH)
Bottom of the 3rd over - 0 runs, 0 hits, 0 errors, 0 left on base; New Hampshire 0 - Portland 0
TOP OF THE 4TH
New Hampshire Fisher Cats batting - Pitching for Portland Sea Dogs : RHP Freddy Rivera
Batting: LHB Don Harper 0-0: Swinging Strike
0-1: Called Strike
0-2: Strikes out looking
Batting: RHB Darryl Cook 0-0: Ball
1-0: DOUBLE (Line Drive, 78XD, EV 103.8 MPH)
Batting: RHB Rusty Vogelsang 0-0: Called Strike
0-1: Fly out, F8 (Flyball, 8LM, EV 95.6 MPH)
Batting: SHB José De La Cruz 0-0: Ball
1-0: Ball
2-0: Foul Ball, location: 2F
2-1: Ball
3-1: Base on Balls
Batting: RHB Juan Flores 0-0: Called Strike
0-1: Called Strike
0-2: Foul Ball, location: 3DF
0-2: Strikes out looking
Top of the 4th over - 0 runs, 1 hit, 0 errors, 2 left on base; New Hampshire 0 - Portland 0
BOTTOM OF THE 4TH
Portland Sea Dogs batting - Pitching for New Hampshire Fisher Cats : RHP Apomurti Sudhanshu
Batting: LHB Steve Maddox 0-0: Fly out, F7 (Line Drive, 7, EV 88.8 MPH)
Batting: LHB Pete Holmes 0-0: Called Strike
0-1: Ball
1-1: Ball
2-1: Swinging Strike
2-2: Ball
3-2: Strikes out looking
Batting: LHB Ron Palma 0-0: Ball
1-0: Foul Ball, location: 2F
1-1: Foul Ball, location: 2F
1-2: Ball
2-2: Foul Ball, location: 3SF
2-2: Ball
3-2: Ground out 4-3 (Groundball, 4M, EV 81.9 MPH)
Bottom of the 4th over - 0 runs, 0 hits, 0 errors, 0 left on base; New Hampshire 0 - Portland 0
TOP OF THE 5TH
New Hampshire Fisher Cats batting - Pitching for Portland Sea Dogs : RHP Freddy Rivera
Batting: RHB Ed Smith 0-0: Fly out, F8 (Flyball, 8RS, EV 90.6 MPH)
Batting: RHB Raúl Ramírez 0-0: Foul Ball, location: 3FF
0-1: Swinging Strike
0-2: Foul Ball, location: 2F
0-2: Strikes out swinging, 2-3 out at first.
Batting: LHB Jerry Brewer 0-0: Called Strike
0-1: Called Strike
0-2: Ball
1-2: Strikes out swinging
Top of the 5th over - 0 runs, 0 hits, 0 errors, 0 left on base; New Hampshire 0 - Portland 0
BOTTOM OF THE 5TH
Portland Sea Dogs batting - Pitching for New Hampshire Fisher Cats : RHP Apomurti Sudhanshu
Batting: LHB Quincy Daniel 0-0: Ball
1-0: Ball
2-0: Ground out 6-3 (Groundball, 6, EV 98.8 MPH)
Batting: RHB Ánibal Rentería 0-0: Ball
1-0: Called Strike
1-1: Ball
2-1: DOUBLE (Line Drive, 8RD, EV 99.4 MPH)
Batting: LHB Jesús Escobedo 0-0: SINGLE (Line Drive, 6MD, EV 96.3 MPH)
Ánibal Rentería to third
Runner from 3rd tries for Home, SAFE, throw by CF to home
Batting: RHB Jorge Francots 0-0: SINGLE (Line Drive, 9S, EV 90.6 MPH)
Jesús Escobedo to second
Batting: SHB Tony Robles 0-0: Called Strike
0-1: Grounds into double play, 5-4-3 (Groundball, 5, EV 85.0 MPH)
Bottom of the 5th over - 1 run, 3 hits, 0 errors, 1 left on base; New Hampshire 0 - Portland 1
TOP OF THE 6TH
New Hampshire Fisher Cats batting - Pitching for Portland Sea Dogs : RHP Freddy Rivera
Batting: SHB Dan Tutt 0-0: Ball
1-0: Foul Ball, location: 7LMF
1-1: Ground out 6-3 (Groundball, 6, EV 86.9 MPH)
Batting: LHB Don Harper 0-0: Ball
1-0: Ball
2-0: Foul Ball, location: 3F
2-1: Foul Ball, location: 2F
2-2: Ball
3-2: Foul Ball, location: 5DF
3-2: Strikes out swinging
Batting: RHB Darryl Cook 0-0: Ball
1-0: Ball
2-0: Ball
3-0: Base on Balls
Batting: RHB Rusty Vogelsang 0-0: Called Strike
0-1: 2-RUN HOME RUN (Flyball, 9LD, EV 91.3 MPH), Distance : 335 ft
Batting: SHB José De La Cruz 0-0: Ground out 4-3 (Groundball, 34, EV 108.1 MPH)
Top of the 6th over - 2 runs, 1 hit, 0 errors, 0 left on base; New Hampshire 2 - Portland 1
BOTTOM OF THE 6TH
Portland Sea Dogs batting - Pitching for New Hampshire Fisher Cats : RHP Apomurti Sudhanshu
Batting: LHB Doug Rush 0-0: Ball
1-0: Ball
2-0: Ball
3-0: Called Strike
3-1: SINGLE (Line Drive, 8LS, EV 96.9 MPH)
Batting: LHB Steve Maddox 0-0: Sac Bunt to 23 - play at first, batter OUT! 3-4
Doug Rush to second
Batting: LHB Pete Holmes 0-0: Ball
1-0: Ball
2-0: Ball
3-0: Called Strike
3-1: Base on Balls
Batting: LHB Ron Palma 0-0: Called Strike
0-1: SINGLE (Line Drive, 34D, EV 106.3 MPH)
Doug Rush to third
Pete Holmes to second
Batting: LHB Quincy Daniel 0-0: Ball
1-0: Ball
2-0: Ball
3-0: Called Strike
3-1: Foul Ball, location: 7LDF
3-2: Base on Balls
Doug Rush scores
Pete Holmes to third
Ron Palma to second
Batting: RHB Ánibal Rentería 0-0: Called Strike
0-1: Ball
1-1: Swinging Strike
1-2: Ball
2-2: Foul Ball, location: 9LMF
2-2: SINGLE (Groundball, 34, EV 100.0 MPH)
Pete Holmes scores
Ron Palma to third
Quincy Daniel to second
Runner from 3rd tries for Home, SAFE, throw by RF to home
Batting: LHB Jesús Escobedo 0-0: Called Strike
0-1: Ball
1-1: Swinging Strike
1-2: Fielders Choice at 2nd, 6-4 (Groundball, 6M, EV 89.4 MPH)
Quincy Daniel to third
Batting: RHB Jorge Francots 0-0: Called Strike
Jesús Escobedo is caught stealing 2nd base 2-4
Bottom of the 6th over - 3 runs, 3 hits, 0 errors, 1 left on base; New Hampshire 2 - Portland 4
TOP OF THE 7TH
New Hampshire Fisher Cats batting - Pitching for Portland Sea Dogs : RHP Freddy Rivera
Pitching: LHP Héctor Hinojosa
Batting: RHB Juan Flores 0-0: Swinging Strike
0-1: Ball
1-1: Ball
2-1: Ball
3-1: Base on Balls
Batting: RHB Ed Smith 0-0: Called Strike
0-1: Foul Ball, location: 25F
0-2: Strikes out looking
Batting: RHB Raúl Ramírez 0-0: Ball
1-0: Ball
2-0: Ball
3-0: Called Strike
3-1: Swinging Strike
3-2: Base on Balls
Juan Flores to second
Batting: LHB Jerry Brewer 0-0: Ball
1-0: Foul Ball, location: 2F
1-1: Ball
2-1: Grounds into double play, 3-6-3 (Groundball, 34, EV 86.3 MPH)
Top of the 7th over - 0 runs, 0 hits, 0 errors, 1 left on base; New Hampshire 2 - Portland 4
BOTTOM OF THE 7TH
Portland Sea Dogs batting - Pitching for New Hampshire Fisher Cats : RHP Apomurti Sudhanshu
Batting: RHB Jorge Francots 0-0: Ball
1-0: SINGLE (Line Drive, 8RS, EV 92.5 MPH)
Batting: SHB Tony Robles 0-0: Called Strike
Jorge Francots is caught stealing 2nd base 2-6
0-1: Ball
1-1: Ball
2-1: Foul Ball, location: 9LSF
2-2: Strikes out looking
Batting: LHB Doug Rush 0-0: Ball
1-0: Ball
2-0: Ground out 6-3 (Groundball, 6, EV 84.4 MPH)
Bottom of the 7th over - 0 runs, 1 hit, 0 errors, 0 left on base; New Hampshire 2 - Portland 4
TOP OF THE 8TH
New Hampshire Fisher Cats batting - Pitching for Portland Sea Dogs : LHP Héctor Hinojosa
Batting: SHB Dan Tutt 0-0: Ball
1-0: Ball
2-0: Ball
3-0: Called Strike
3-1: Ground out 6-3 (Groundball, 6MS, EV 83.8 MPH)
Batting: LHB Don Harper 0-0: Ball
1-0: SINGLE (Groundball, 4MD, EV 102.5 MPH)
Batting: RHB Darryl Cook 0-0: Called Strike
0-1: Called Strike
0-2: Strikes out swinging
Batting: RHB Rusty Vogelsang 0-0: Called Strike
0-1: Foul Ball, location: 25F
0-2: Ball
1-2: Strikes out looking
Top of the 8th over - 0 runs, 1 hit, 0 errors, 1 left on base; New Hampshire 2 - Portland 4
BOTTOM OF THE 8TH
Portland Sea Dogs batting - Pitching for New Hampshire Fisher Cats : RHP Apomurti Sudhanshu
Batting: LHB Steve Maddox 0-0: Ball
1-0: Ball
2-0: Called Strike
2-1: Ball
3-1: Base on Balls
Pitching: LHP Don Della Vedova
Batting: LHB Pete Holmes 0-0: Called Strike
0-1: Ball
1-1: Foul Ball, location: 23F
1-2: Ball
2-2: Strikes out swinging
Batting: LHB Ron Palma 0-0: Called Strike
0-1: Ball
1-1: Fly out, F8 (Flyball, 8LD, EV 103.8 MPH)
Batting: LHB Quincy Daniel 0-0: Foul Ball, location: 7LDF
0-1: Ball
1-1: Ball
2-1: Ball
3-1: Foul Ball, location: 2F
3-2: SINGLE (Line Drive, 9S, EV 98.8 MPH)
Steve Maddox to second
Steve Maddox to third
Pitching: RHP Zane Miller
Batting: RHB Ánibal Rentería 0-0: Called Strike
0-1: Foul Ball, location: 2RF
0-2: Ground out 5-3 (Groundball, 56S, EV 78.8 MPH)
Bottom of the 8th over - 0 runs, 1 hit, 0 errors, 2 left on base; New Hampshire 2 - Portland 4
TOP OF THE 9TH
New Hampshire Fisher Cats batting - Pitching for Portland Sea Dogs : LHP Héctor Hinojosa
Pitching: RHP Jon Lane
Batting: SHB José De La Cruz 0-0: Called Strike
0-1: Called Strike
0-2: Foul Ball, location: 2F
0-2: Ball
1-2: Foul Ball, location: 7LSF
1-2: Foul Ball, location: 3SF
1-2: DOUBLE (Flyball, 89XD, EV 107.5 MPH)
Pinch Hitting: RHB Rogerio López 0-0: Called Strike
0-1: DOUBLE (Line Drive, 7LM, EV 111.9 MPH)
José De La Cruz scores
Pinch Hitting: RHB Augusto Moliua 0-0: Ball
1-0: Ball
2-0: Foul Ball, location: 5DF
2-1: Bunted foul
2-2: SINGLE (Line Drive, 8RS, EV 93.1 MPH)
Rogerio López to third
Runner from 3rd tries for Home, SAFE, throw by CF to home
Augusto Moliua to second
Batting: RHB Raúl Ramírez 0-0: Ball
1-0: Bunted foul
1-1: Ball
2-1: Bunted foul
2-2: Foul Ball, location: 5F
2-2: Ball
3-2: Fly out, F8 (Flyball, 8RD, EV 86.9 MPH)
Runner from 2nd tags up, SAFE at 3rd with throw by CF
Batting: LHB Jerry Brewer 0-0: Ball
1-0: Called Strike
1-1: Swinging Strike
1-2: Strikes out swinging
Batting: SHB Dan Tutt 0-0: Intentional Walk
Batting: LHB Don Harper 0-0: Ball
1-0: Ball
2-0: Ball
3-0: Base on Balls
Dan Tutt to second
Batting: RHB Darryl Cook 0-0: Ball
1-0: Called Strike
1-1: Foul Ball, location: 2F
1-2: Foul Ball, location: 23F
1-2: Strikes out swinging
Top of the 9th over - 2 runs, 3 hits, 0 errors, 3 left on base; New Hampshire 4 - Portland 4
BOTTOM OF THE 9TH
Portland Sea Dogs batting - Pitching for New Hampshire Fisher Cats : RHP Zane Miller
Now at C: Augusto Moliua
Now at 2B: Rogerio López
Batting: LHB Jesús Escobedo 0-0: Ball
1-0: SINGLE (Line Drive, 7LS, EV 92.5 MPH)
Batting: RHB Jorge Francots 0-0: Bunted foul
0-1: Sac Bunt to 25 - play at first, batter OUT! 5-3
Jesús Escobedo to second
Batting: SHB Tony Robles 0-0: Foul Ball, location: 7LDF
0-1: Fly out, F8 (Line Drive, 8LM, EV 105.6 MPH)
Batting: LHB Doug Rush 0-0: Ball
1-0: Foul Ball, location: 9LDF
1-1: Ball
2-1: Ground out U3 (Groundball, 3, EV 90.0 MPH)
Bottom of the 9th over - 0 runs, 1 hit, 0 errors, 1 left on base; New Hampshire 4 - Portland 4
TOP OF THE 10TH
New Hampshire Fisher Cats batting - Pitching for Portland Sea Dogs : RHP Jon Lane
Pitching: LHP José Luna
Batting: RHB Rusty Vogelsang 0-0: Ball
1-0: Ball
2-0: Ball
3-0: Base on Balls
Batting: SHB José De La Cruz 0-0: Sac Bunt to 13S - play at second, runner OUT! 1-6
Batting: RHB Rogerio López 0-0: Called Strike
José De La Cruz is caught stealing 2nd base 2-4
0-1: Swinging Strike
0-2: Ball
1-2: Ball
2-2: Fly out, F8 (Flyball, 8RD, EV 91.3 MPH)
Top of the 10th over - 0 runs, 0 hits, 0 errors, 0 left on base; New Hampshire 4 - Portland 4
BOTTOM OF THE 10TH
Portland Sea Dogs batting - Pitching for New Hampshire Fisher Cats : RHP Zane Miller
Pitching: LHP Artie Crawford
Batting: RHB Nelson Escobar 0-0: Ball
1-0: Hit by Pitch
Batting: LHB Pete Holmes 0-0: Called Strike
0-1: Swinging Strike
0-2: Strikes out swinging
Batting: LHB Ron Palma 0-0: Ball
1-0: Ball
2-0: Foul Ball, location: 2F
2-1: Swinging Strike
2-2: Ball
Wild Pitch!
Nelson Escobar to second
3-2: Strikes out looking
Batting: LHB Quincy Daniel 0-0: Called Strike
0-1: Called Strike
0-2: Strikes out swinging
Bottom of the 10th over - 0 runs, 0 hits, 0 errors, 1 left on base; New Hampshire 4 - Portland 4
TOP OF THE 11TH
New Hampshire Fisher Cats batting - Pitching for Portland Sea Dogs : LHP José Luna
Batting: RHB Augusto Moliua 0-0: Ball
1-0: Foul Ball, location: 7LDF
1-1: Ball
2-1: Fly out, F7 (Line Drive, 78M, EV 105.6 MPH)
Batting: RHB Raúl Ramírez 0-0: Ball
1-0: Fly out, F7 (Flyball, 78S, EV 88.1 MPH)
Pinch Hitting: RHB Charlie Wall 0-0: Foul Ball, location: 3F
0-1: Called Strike
0-2: Strikes out swinging
Top of the 11th over - 0 runs, 0 hits, 0 errors, 0 left on base; New Hampshire 4 - Portland 4
BOTTOM OF THE 11TH
Portland Sea Dogs batting - Pitching for New Hampshire Fisher Cats : LHP Artie Crawford
Now at 1B: Charlie Wall
Batting: RHB Ánibal Rentería 0-0: Called Strike
0-1: Called Strike
0-2: Foul Ball, location: 2F
0-2: Ball
1-2: Ground out 4-3 (Groundball, 4, EV 103.1 MPH)
Batting: LHB Jesús Escobedo 0-0: Ball
1-0: Foul Ball, location: 2F
1-1: Fly out, F7 (Flyball, 78M, EV 95.0 MPH)
Batting: RHB Jorge Francots 0-0: DOUBLE (Line Drive, 8RXD, EV 105.6 MPH)
Batting: SHB Tony Robles 0-0: Intentional Walk
Batting: LHB Doug Rush 0-0: Called Strike
0-1: Ball
1-1: Ball
2-1: Called Strike
2-2: Ground out 4-3 (Groundball, 4, EV 86.3 MPH)
Bottom of the 11th over - 0 runs, 1 hit, 0 errors, 2 left on base; New Hampshire 4 - Portland 4
TOP OF THE 12TH
New Hampshire Fisher Cats batting - Pitching for Portland Sea Dogs : LHP José Luna
Batting: SHB Dan Tutt 0-0: Swinging Strike
0-1: Swinging Strike
0-2: Foul Ball, location: 5F
0-2: Ball
1-2: Strikes out looking
Batting: LHB Don Harper 0-0: Called Strike
0-1: Ball
1-1: SINGLE (Line Drive, 6D, EV 103.1 MPH)
Batting: RHB Darryl Cook 0-0: Called Strike
0-1: Ball
1-1: Foul Ball, location: 5F
1-2: Ball
2-2: Ball
3-2: Strikes out looking
Batting: RHB Rusty Vogelsang 0-0: Ball
1-0: Fly out, F5 (Popup, 25F, EV 83.8 MPH)
Top of the 12th over - 0 runs, 1 hit, 0 errors, 1 left on base; New Hampshire 4 - Portland 4
BOTTOM OF THE 12TH
Portland Sea Dogs batting - Pitching for New Hampshire Fisher Cats : LHP Artie Crawford
Batting: RHB Nelson Escobar 0-0: Fly out, F9 (Flyball, 9LSF, EV 88.8 MPH)
Batting: LHB Pete Holmes 0-0: Ball
1-0: Foul Ball, location: 2F
1-1: Ball
2-1: Ball
3-1: Foul Ball, location: 2F
3-2: Foul Ball, location: 2F
3-2: Ground out 4-3 (Groundball, 4M, EV 101.3 MPH)
Batting: LHB Ron Palma 0-0: Called Strike
0-1: Called Strike
0-2: Ground out 4-3 (Groundball, 4, EV 103.1 MPH)
Bottom of the 12th over - 0 runs, 0 hits, 0 errors, 0 left on base; New Hampshire 4 - Portland 4
TOP OF THE 13TH
New Hampshire Fisher Cats batting - Pitching for Portland Sea Dogs : LHP José Luna
Batting: SHB José De La Cruz 0-0: Called Strike
0-1: Called Strike
0-2: Ground out 5-3 (Groundball, 56, EV 99.4 MPH)
Batting: RHB Rogerio López 0-0: Swinging Strike
0-1: Called Strike
0-2: Ball
1-2: Strikes out looking
Batting: RHB Augusto Moliua 0-0: Ground out 4-3 (Groundball, 4, EV 80.6 MPH)
Top of the 13th over - 0 runs, 0 hits, 0 errors, 0 left on base; New Hampshire 4 - Portland 4
BOTTOM OF THE 13TH
Portland Sea Dogs batting - Pitching for New Hampshire Fisher Cats : LHP Artie Crawford
Pitching: LHP Rod Rodmell
Batting: LHB Quincy Daniel 0-0: Ball
1-0: Ball
2-0: Called Strike
2-1: Called Strike
2-2: Fly out, F3 (Popup, 34S, EV 71.3 MPH)
Batting: RHB Ánibal Rentería 0-0: SINGLE (Groundball, 4S, EV 68.8 MPH) (infield hit)
Batting: LHB Jesús Escobedo 0-0: Ball
Wild Pitch!
Ánibal Rentería to second
1-0: Called Strike
1-1: Ground out 4-3 (Groundball, 4, EV 81.9 MPH)
Ánibal Rentería to third
Batting: RHB Jorge Francots 0-0: Ball
1-0: Called Strike
1-1: Fly out, F8 (Flyball, 8LM, EV 91.3 MPH)
Bottom of the 13th over - 0 runs, 1 hit, 0 errors, 1 left on base; New Hampshire 4 - Portland 4
TOP OF THE 14TH
New Hampshire Fisher Cats batting - Pitching for Portland Sea Dogs : LHP José Luna
Batting: RHB Raúl Ramírez 0-0: Called Strike
0-1: Ball
1-1: Called Strike
1-2: SINGLE (Line Drive, 9S, EV 89.4 MPH)
Batting: RHB Charlie Wall 0-0: Sac Bunt to 2R - play at first, batter OUT! 2-3
Raúl Ramírez to second
Batting: SHB Dan Tutt 0-0: Intentional Walk
Batting: LHB Don Harper 0-0: SINGLE (Groundball, 6M, EV 106.3 MPH) (infield hit)
Raúl Ramírez to third
Dan Tutt to second
Batting: RHB Darryl Cook 0-0: Grounds into fielders choice 5-2 (Groundball, 56, EV 90.6 MPH)
Dan Tutt to third
Don Harper to second
Batting: RHB Rusty Vogelsang 0-0: Called Strike
0-1: Fly out, F9 (Line Drive, 89M, EV 90.6 MPH)
Top of the 14th over - 0 runs, 2 hits, 0 errors, 3 left on base; New Hampshire 4 - Portland 4
BOTTOM OF THE 14TH
Portland Sea Dogs batting - Pitching for New Hampshire Fisher Cats : LHP Rod Rodmell
Batting: SHB Tony Robles 0-0: Called Strike
0-1: Called Strike
0-2: Foul Ball, location: 3DF
0-2: Ball
1-2: Ball
2-2: Ball
3-2: Foul Ball, location: 2F
3-2: Foul Ball, location: 9LDF
3-2: Hit by Pitch
Batting: LHB Doug Rush 0-0: Sac Bunt to 15 - play at first, batter OUT! 1-4
Tony Robles to second
Batting: RHB Nelson Escobar 0-0: Ball
1-0: Fly out, F8 (Flyball, 8RM, EV 94.4 MPH)
Batting: LHB Pete Holmes 0-0: Ball
1-0: Ball
2-0: Ball
3-0: SINGLE (Groundball, 15S, EV 71.3 MPH) (infield hit)
Tony Robles to third
Batting: LHB Ron Palma 0-0: Fly out, F9 (Flyball, 9D, EV 105.0 MPH)
Bottom of the 14th over - 0 runs, 1 hit, 0 errors, 2 left on base; New Hampshire 4 - Portland 4
TOP OF THE 15TH
New Hampshire Fisher Cats batting - Pitching for Portland Sea Dogs : LHP José Luna
Pitching: RHP Caleb Cates
Batting: SHB José De La Cruz 0-0: Ball
1-0: Foul Ball, location: 5SF
1-1: Ground out 6-3 (Groundball, 6, EV 90.6 MPH)
Batting: RHB Rogerio López 0-0: Called Strike
0-1: Fly out, F8 (Flyball, 78D, EV 105.6 MPH)
Batting: RHB Augusto Moliua 0-0: Foul Ball, location: 25FF
0-1: Ball
1-1: Foul Ball, location: 7LMF
1-2: DOUBLE (Line Drive, 3D, EV 103.1 MPH)
Batting: RHB Raúl Ramírez 0-0: Intentional Walk
Batting: RHB Charlie Wall 0-0: Called Strike
0-1: Ball
1-1: Foul Ball, location: 9LSF
1-2: Ground out U3 (Groundball, 3, EV 95.0 MPH)
Top of the 15th over - 0 runs, 1 hit, 0 errors, 2 left on base; New Hampshire 4 - Portland 4
BOTTOM OF THE 15TH
Portland Sea Dogs batting - Pitching for New Hampshire Fisher Cats : LHP Rod Rodmell
Batting: LHB Quincy Daniel 0-0: Ball
1-0: Ball
2-0: Ground out U3 (Groundball, 3L, EV 82.5 MPH)
Batting: RHB Ánibal Rentería 0-0: Swinging Strike
0-1: Called Strike
0-2: Ball
1-2: Ball
2-2: Ball
3-2: Base on Balls
Batting: LHB Jesús Escobedo 0-0: Called Strike
0-1: Ball
1-1: Fielders Choice at 2nd, 3-6 (Groundball, 34S, EV 92.5 MPH)
Batting: RHB Jorge Francots 0-0: Called Strike
0-1: Foul Ball, location: 9LMF
0-2: Ball
1-2: Ball
2-2: Foul Ball, location: 23FF
2-2: Ground out 4-3 (Groundball, 34S, EV 83.8 MPH)
Bottom of the 15th over - 0 runs, 0 hits, 0 errors, 1 left on base; New Hampshire 4 - Portland 4
TOP OF THE 16TH
New Hampshire Fisher Cats batting - Pitching for Portland Sea Dogs : RHP Caleb Cates
Batting: SHB Dan Tutt 0-0: Ball
1-0: Ground out 4-3 (Groundball, 4, EV 99.4 MPH)
Batting: LHB Don Harper 0-0: Ball
1-0: Ball
2-0: Called Strike
2-1: Ball
3-1: Fly out, F7 (Flyball, 7, EV 98.1 MPH)
Batting: RHB Darryl Cook 0-0: Ball
1-0: Ball
2-0: Ball
3-0: Called Strike
3-1: Base on Balls
Batting: RHB Rusty Vogelsang 0-0: Called Strike
0-1: Fly out, F3 (Popup, 34S, EV 86.9 MPH)
Top of the 16th over - 0 runs, 0 hits, 0 errors, 1 left on base; New Hampshire 4 - Portland 4
BOTTOM OF THE 16TH
Portland Sea Dogs batting - Pitching for New Hampshire Fisher Cats : LHP Rod Rodmell
Batting: SHB Tony Robles 0-0: Ball
1-0: Ball
2-0: Foul Ball, location: 9LDF
2-1: Ground out 4-3 (Groundball, 4, EV 86.3 MPH)
Batting: LHB Doug Rush 0-0: Ball
1-0: Fly out, F8 (Flyball, 8RD, EV 93.1 MPH)
Batting: RHB Nelson Escobar 0-0: Ball
1-0: Fly out, F2 (Popup, 25F, EV 85.0 MPH)
Bottom of the 16th over - 0 runs, 0 hits, 0 errors, 0 left on base; New Hampshire 4 - Portland 4
TOP OF THE 17TH
New Hampshire Fisher Cats batting - Pitching for Portland Sea Dogs : RHP Caleb Cates
Batting: SHB José De La Cruz 0-0: Fly out, F6 (Popup, 6, EV 77.5 MPH)
Batting: RHB Rogerio López 0-0: Ball
1-0: Foul Ball, location: 9LSF
1-1: Ground out 5-3 (Groundball, 56, EV 99.4 MPH)
Batting: RHB Augusto Moliua 0-0: Ball
1-0: Called Strike
1-1: Fly out, F8 (Flyball, 8LM, EV 96.3 MPH)
Top of the 17th over - 0 runs, 0 hits, 0 errors, 0 left on base; New Hampshire 4 - Portland 4
BOTTOM OF THE 17TH
Portland Sea Dogs batting - Pitching for New Hampshire Fisher Cats : LHP Rod Rodmell
Pitching: LHP Ken Cooley
Batting: LHB Pete Holmes 0-0: Foul Ball, location: 2F
0-1: Ball
1-1: Ball
2-1: Foul Ball, location: 2F
2-2: Ball
3-2: Foul Ball, location: 2F
3-2: Fly out, F8 (Flyball, 8RM, EV 81.3 MPH)
Batting: LHB Ron Palma 0-0: Called Strike
0-1: Foul Ball, location: 7LDF
0-2: Ball
1-2: Ball
2-2: Ball
3-2: Foul Ball, location: 9LSF
3-2: SINGLE (Groundball, 6MD, EV 110.0 MPH)
Batting: LHB Quincy Daniel 0-0: Ball
1-0: Called Strike
1-1: Grounds into double play, 4-6-3 (Groundball, 4, EV 83.1 MPH)
Bottom of the 17th over - 0 runs, 1 hit, 0 errors, 0 left on base; New Hampshire 4 - Portland 4
TOP OF THE 18TH
New Hampshire Fisher Cats batting - Pitching for Portland Sea Dogs : RHP Caleb Cates
Batting: RHB Raúl Ramírez 0-0: Ball
1-0: Ball
2-0: Ball
3-0: Base on Balls
Batting: RHB Charlie Wall 0-0: Ball
1-0: Sac Bunt to 15S - play at first, batter OUT! 1-3
Raúl Ramírez to second
Batting: SHB Dan Tutt 0-0: Intentional Walk
Batting: LHB Don Harper 0-0: Ball
1-0: Called Strike
1-1: Foul Ball, location: 3F
1-2: Ball
2-2: Strikes out swinging
Batting: RHB Darryl Cook 0-0: Called Strike
0-1: Ball
1-1: Swinging Strike
1-2: Ball
2-2: Ball
3-2: Foul Ball, location: 2F
3-2: Ground out 5-3 (Groundball, 56, EV 82.5 MPH)
Top of the 18th over - 0 runs, 0 hits, 0 errors, 2 left on base; New Hampshire 4 - Portland 4
BOTTOM OF THE 18TH
Portland Sea Dogs batting - Pitching for New Hampshire Fisher Cats : LHP Ken Cooley
Batting: RHB Ánibal Rentería 0-0: Called Strike
0-1: Foul Ball, location: 2F
0-2: Ball
1-2: Strikes out swinging
Batting: LHB Jesús Escobedo 0-0: Foul Ball, location: 25F
0-1: Ball
1-1: Foul Ball, location: 2F
1-2: Strikes out looking
Batting: RHB Jorge Francots 0-0: Ball
1-0: Foul Ball, location: 5F
1-1: Ground out 6-3 (Groundball, 6, EV 81.9 MPH)
Bottom of the 18th over - 0 runs, 0 hits, 0 errors, 0 left on base; New Hampshire 4 - Portland 4
TOP OF THE 19TH
New Hampshire Fisher Cats batting - Pitching for Portland Sea Dogs : RHP Caleb Cates
Batting: RHB Rusty Vogelsang 0-0: Called Strike
0-1: Swinging Strike
0-2: Ball
1-2: SINGLE (Flyball, 4D, EV 85.0 MPH)
Batting: SHB José De La Cruz 0-0: Ball
Rusty Vogelsang steals 2nd base
1-0: Sac Bunt to 13 - play at first, batter OUT! 1-3
Rusty Vogelsang to third
Batting: RHB Rogerio López 0-0: Intentional Walk
Pitching: RHP Don Simmons
Batting: RHB Augusto Moliua 0-0: Called Strike
0-1: Foul Ball, location: 2F
0-2: Ball
1-2: Ball
2-2: Strikes out swinging
Batting: RHB Raúl Ramírez 0-0: SINGLE (Line Drive, 7LS, EV 103.1 MPH)
Rusty Vogelsang scores
Rogerio López to second
Runner from 2nd tries for 3rd, SAFE, throw by LF made to third
Batting: RHB Charlie Wall 0-0: Called Strike
0-1: Ball
1-1: Foul Ball, location: 9LDF
1-2: Ground out 5-3 (Groundball, 56S, EV 77.5 MPH)
Top of the 19th over - 1 run, 2 hits, 0 errors, 2 left on base; New Hampshire 5 - Portland 4
BOTTOM OF THE 19TH
Portland Sea Dogs batting - Pitching for New Hampshire Fisher Cats : LHP Ken Cooley
Batting: SHB Tony Robles 0-0: Ball
1-0: Ground out 6-3 (Groundball, 6, EV 83.1 MPH)
Batting: LHB Doug Rush 0-0: Ball
1-0: Called Strike
1-1: Called Strike
1-2: SINGLE (Groundball, 56, EV 102.5 MPH)
Batting: RHB Nelson Escobar 0-0: Ball
1-0: SINGLE (Groundball, 34D, EV 103.1 MPH)
Doug Rush to second
Runner from 2nd tries for 3rd, SAFE, throw by RF made to third
Batting: LHB Pete Holmes 0-0: Ball
1-0: Ball
2-0: Ball
3-0: Called Strike
3-1: Swinging Strike
3-2: Strikes out looking
Batting: LHB Ron Palma 0-0: Ball
1-0: Called Strike
1-1: Ball
2-1: Called Strike
2-2: Strikes out swinging
Bottom of the 19th over - 0 runs, 2 hits, 0 errors, 2 left on base; New Hampshire 5 - Portland 4
Monday, April 1st , 2024 - OOTP Baseball 24.10 Build 82